 Dungeon Crawl Stone Soup version 0.31-a0-988-g08d55dae12 (webtiles) character file.

Game seed: 16567500603469914655

1241 Armadingus the Destroyer (level 8, -19/45 HPs)
             Began as a Tengu Reaver on Nov 4, 2023.
             Was a Plaything of Xom.
             Demolished by a +0 giant club (41 damage)
             ... animated by Xom
             ... on level 5 of the Dungeon.
             The game lasted 01:01:32 (3943 turns).

Armadingus the Destroyer (Tengu Reaver)             Turns: 3943, Time: 01:01:32

Health: -19/45     AC:  4    Str: 20    XL:     8   Next: 49%
Magic:  11/12      EV: 31    Int: 11    God:    Xom [.....*]
Gold:   180        SH:  0    Dex: 16    Spells: 5/11 levels left

rFire   . . .        e - +5 scythe (holy)
rCold   . . .        (shield currently unavailable)
rNeg    . . .        b - +0 leather armour
rPois   .            (helmet restricted)
rElec   .            (no cloak)
rCorr   .            h - +0 pair of gloves
SInv    .            (boots unavailable)
Will    .....        (no amulet)
Stlth   +            (no ring)
HPRegen 0.27/turn    (no ring)
MPRegen 0.13/turn

%: acrobat
@: acrobatic, flying
A: beak, talons 3, evasive flight, acrobatic, agile 1, sense surroundings 1,
strong 2
a: Renounce Religion


You were on level 5 of the Dungeon.
You worshipped Xom.
You were Xom's teddy bear.
You visited 1 branch of the dungeon, and saw 5 of its levels.

You collected 180 gold pieces.

Inventory:

Hand Weapons
 a - a +0 falchion
 e - a +5 scythe of holy wrath (weapon)
Missiles
 c - 2 silver javelins
Armour
 b - a +0 leather armour (worn)
 h - a +0 pair of gloves (worn)
Wands
 o - a wand of flame (20)
 p - a wand of polymorph (12)
Scrolls
 d - 4 scrolls of teleportation
 j - a scroll of enchant armour
Potions
 f - 2 potions of curing
 g - a potion of cancellation
 i - a potion of attraction
 k - a potion of mutation
 l - 2 potions of heal wounds
 m - 2 potions of degeneration {unknown}
 n - 2 potions of brilliance


   Skills:
 - Level 2.4 Fighting
 - Level 5.1 Long Blades
 + Level 6.2 Polearms
 - Level 0.1 Armour
 + Level 2.1 Dodging
 - Level 2.0 Spellcasting
 - Level 10.0 Conjurations


You had 5 spell levels left.
You knew the following spells:

 Your Spells              Type           Power      Damage    Failure   Level
a - Kiss of Death         Conj/Necr      48%        2d9       4%          1
b - Momentum Strike       Conj/Tloc      24%        3d8       7%          2
c - Hailstorm             Conj/Ice       12%        3d5       13%         3

Your spell library contained the following spells:

 Spells                   Type           Power      Damage    Failure   Level
 Stone Arrow              Conj/Erth      24%        3d8       13%         3
 Sandblast                Erth           2%         2d4       34%         1
 Brom's Barrelling Bould  Conj/Erth      12%        2d4       41%         4
 Passwall                 Tmut/Erth      0%         N/A       45%         2


Dungeon Overview and Level Annotations

Branches:
Dungeon (5/15)
 Temple: D:4-7

Altars:
Ashenzari
Trog
Uskayaw
Xom

Shops:
D:2 [   D:3 :*(


Innate Abilities, Weirdness & Mutations

You have a beak for a mouth.
You have claws for feet.
Your magical flight helps you evade attacks. (EV +4)
You can magically evade attacks while moving or waiting.
You are agile. (Dex +4, Str/Int -1)
You passively map a small area around you.
Your muscles are very strong. (Str +8, Int/Dex -2)


Message History

Aim: a gnoll, wielding a +0 whip and quivering a throwing net (heavily wounded, about 32% to evade your +5 scythe of holy wrath)
You puncture the gnoll!
You kill the gnoll!
The hound completely misses you. The hound misses you.
You slash the gnoll!
You kill the gnoll!
The hound bites you but does no damage. The hound barely misses you.
You impale the hound!!
You kill the hound!
The gnoll closely misses you.
Your Conjurations skill increases to level 10!
The gnoll completely misses you.
You see here a hound corpse.
You slash the gnoll!
You kill the gnoll!
Things that are here:
a +1 halberd of distortion; a +0 flail; a gnoll corpse You now have 180 gold pieces (gained 9).
An ogre comes into view. It is wielding a +0 giant club.
Xom grants you a minor favour.
The ogre's +0 giant club dances into the air!
Reach: e) +5 scythe (holy)
Press: ? - help, Dir - move target, f - you
Okay, then.
Aiming: Throw Flame
Press: ? - help, Shift-Dir - straight line, f - ogre
Aim: an ogre (ally target, 85% to hit)
The puff of flame hits your +0 giant club.
Your +0 giant club resists.
Your +0 giant club is lightly damaged.
The +0 giant club hits you!!
Ouch! That really hurt!
Xom is amused.
The +0 giant club attacks as it pursues you!
The +0 giant club closely misses you.
The +0 giant club attacks as it pursues you!
The +0 giant club hits you!!!
Ouch! That really hurt!
You die...
Xom snickers!

.....# * ####...# ..##.##
#......#
..#...######.###.##
........##....##.## #**
..............##..#####...
.............)#...#.......
.....#.......†)..#.......#
,
....##......##.#........#
..<##.......####@..#...# ,
^...........# ##(.#..## ,*
....#.......# #.......# ,
.....#.....## ##O##....#*
.....#......., #..#
.....#*
.#...#............# #....
,* # #..###......#..##
.... ... #..**, .., * ..
*#.. , ,, .


You could see an ogre and a +0 giant club.

Vanquished Creatures
  Grinder (D:3)
  Sigmund (D:2)
  A water moccasin (D:5)
  2 ogres (D:5)
  A scorpion (D:4)
  Dowan (D:4)
  A jelly (D:4)
  3 hounds (D:5)
  An orc priest (D:3)
  An iguana (D:4)
  5 gnolls
  5 adders
  A white imp (D:5)
  2 worms
  2 dart slugs
  5 orcs
  8 bats
  5 endoplasms
  4 giant cockroaches (D:1)
  7 goblins
  8 hobgoblins
  3 jackals (D:2)
  11 kobolds
  2 quokkas
  19 ball pythons
  A frilled lizard (D:1)
  19 rats
120 creatures vanquished.

Vanquished Creatures (collateral kills)
  Duvessa (D:4)
1 creature vanquished.

Grand Total: 121 creatures vanquished

Notes
Turn   | Place    | Note
-------+----------+-------------------------------------------
     0 | D:1      | Armadingus the Tengu Reaver began the quest for the Orb.
     0 | D:1      | Reached XP level 1. HP: 12/12 MP: 4/4
    81 | D:1      | Reached XP level 2. HP: 14/17 MP: 6/6
    84 | D:1      | Learned a level 2 spell: Momentum Strike
   345 | D:1      | Reached XP level 3. HP: 21/21 MP: 5/7
   596 | D:1      | Reached skill level 5 in Conjurations
  1071 | D:2      | Noticed Sigmund
  1171 | D:2      | Killed Sigmund
  1172 | D:2      | Reached skill level 5 in Long Blades
  1172 | D:2      | Reached skill level 6 in Conjurations
  1172 | D:2      | Reached XP level 4. HP: 20/27 MP: 6/8
  1172 | D:2      | Reached XP level 5. HP: 23/31 MP: 6/9
  1352 | D:2      | Found Azarghuc's Armour Boutique.
  1602 | D:2      | Found a bloodstained altar of Trog.
  1705 | D:3      | Noticed Grinder
  1710 | D:3      | Learned a level 3 spell: Hailstorm
  1720 | D:3      | Killed Grinder
  1721 | D:3      | Reached skill level 7 in Conjurations
  1721 | D:3      | Reached XP level 6. HP: 17/36 MP: 7/10
  1730 | D:3      | Gained mutation: Your magical flight helps you evade
                  | attacks. (EV +4) [Tengu growth]
  1730 | D:3      | Reached XP level 7. HP: 22/40 MP: 8/11
  1889 | D:3      | Found Sevoy's Weapon Boutique.
  1948 | D:3      | Found a shimmering altar of Xom.
  1985 | D:3      | Became a worshipper of Xom of Chaos
  2058 | D:3      | Found Gafonus's Assorted Antiques.
  2237 | D:3      | XOM: butterfly on damage
  2384 | D:3      | Found Fokho's Book Shop.
  2387 | D:3      | Found a hide-covered altar of Uskayaw.
  2549 | D:3      | Reached skill level 8 in Conjurations
  2680 | D:4      | Found a broken altar of Ashenzari.
  2762 | D:4      | Noticed Dowan
  2805 | D:4      | Killed Dowan
  2897 | D:4      | XOM: silly message
  2907 | D:4      | Noticed Duvessa
  2926 | D:4      | XOM: cast spell 'Summon Dragon'
  2929 | D:4      | Killed Duvessa
  3207 | D:4      | Reached skill level 9 in Conjurations
  3681 | D:5      | Entered Level 5 of the Dungeon
  3696 | D:5      | Reached skill level 5 in Polearms
  3696 | D:5      | Reached XP level 8. HP: 45/45 MP: 12/12
  3696 | D:5      | XOM: give mutations
  3696 | D:5      | Gained mutation: You passively map a small area around you.
                  | [Xom's grace]
  3696 | D:5      | Gained mutation: Your muscles are strong. (Str +4, Int/Dex
                  | -1) [Xom's grace]
  3696 | D:5      | Gained mutation: You are agile. (Dex +4, Str/Int -1) [Xom's
                  | grace]
  3696 | D:5      | Gained mutation: Your muscles are very strong. (Str +8,
                  | Int/Dex -2) [Xom's grace]
  3723 | D:5      | Noticed Pikel
  3726 | D:5      | Pikel changed into Pikel the ogre
  3726 | D:5      | Noticed Pikel
  3726 | D:5      | XOM: polymorph Pikel -> Pikel the ogre
  3735 | D:5      | XOM: cleaving
  3738 | D:5      | Killed Pikel the ogre
  3841 | D:5      | XOM: scenery: summon butterflies
  3910 | D:5      | Reached skill level 10 in Conjurations
  3943 | D:5      | Demolished by a +0 giant club

Illustrated notes

Levels and vault maps discovered:
D:1:      minmay_arrival_diagonal_passages, layout_loops_ring,
          reono_crystal_passage, nrook_uturn, minmay_rat_gold_closets
D:2:      layout_basic, serial_shops, shop, basic_altar, uniq_sigmund
D:3:      layout_loops_ring, overflow_temple_1_default, tgw_xom, serial_shops,
          nicolae_shop_trees, shop, shop_fountains, kennysheep_generic_room_7,
          uniq_grinder
D:4:      layout_layer_cave, lemuel_crystal_altar, uniq_duvessa
D:5:      layout_cave_pools, nemelex_diamond_rough_becter, uniq_pikel

Skill      XL: |  1  2  3  4  5  6  7  8 |
---------------+-------------------------+-----
Conjurations   | 6 7 9 10 | 10.0
Long Blades    | 5 |  5.1
Polearms       | 2 3 5 6 |  6.2
Fighting       | |  2.4
Armour         | |  0.1
Dodging        | |  2.1
Spellcasting   | |  2.0

Action                     |  1- 3 |  4- 6 |  7- 9 || total
---------------------------+-------+-------+-------++-------
  Melee: Falchion          |    63 |       |       ||    63
         Kick              |    12 |     4 |    17 ||    33
         Peck              |     6 |     3 |     9 ||    18
         Halberd           |       |    32 |   105 ||   137
   Cast: Momentum Strike   |    19 |     2 |       ||    21
         Hailstorm         |       |     1 |    11 ||    12
  Evoke: Wand              |       |       |     5 ||     5
    Use: Scroll            |     2 |     1 |     6 ||     9
         Potion            |     1 |       |     4 ||     5
   Stab: Sleeping          |     2 |       |     1 ||     3
 Armour: Leather armour    |    22 |     6 |    51 ||    79
  Dodge: Dodged            |    30 |    28 |   114 ||   172

Table legend: (Time is in decaauts)
 A = Elapsed time spent in this place.
 B = Non-inter-level travel time spent in this place.
 C = Inter-level travel time spent in this place.
 D = Time resting spent in this place.
 E = Time spent auto-exploring this place.
 F = Levels seen in this place.
 G = Mean time per level.
                   A        B        C        D        E       F      G
               +--------+--------+--------+--------+--------+-----+--------+
         Total |   3999 |   3793 |    206 |     48 |   2564 |   5 |  799.8 |
       Dungeon |   3999 |   3793 |    206 |     48 |   2564 |   5 |  799.8 |
               +--------+--------+--------+--------+--------+-----+--------+

Top non-repeatable levels by time:
     D:1: 1090 daAuts
     D:4: 1015 daAuts
     D:3: 991 daAuts
     D:2: 635 daAuts
     D:5: 265 daAuts
